 Dungeon Crawl Stone Soup version 0.27-a0-1299-g1ab19c6527 (webtiles) character file.

Game seed: 14481501309114344993

143 pokeman the Magician (level 5, -4/29 HPs)
             Began as a Deep Elf Hedge Wizard on June 16, 2021.
             Slain by a wight (7 damage)
             ... on level 6 of the Dungeon.
             The game lasted 00:05:32 (3180 turns).

pokeman the Magician (Deep Elf Hedge Wizard)        Turns: 3180, Time: 00:05:33

Health: -4/29      AC:  5    Str:  7    XL:     5   Next: 4%
Magic:  11/15      EV: 12    Int: 23    God:
Gold:   945        SH:  0    Dex: 14    Spells: 5/16 levels left

rFire    . . .     SeeInvis +   g - +0 long sword
rCold    . . .     Faith    .   (no shield)
rNeg     . . .     Spirit   .   l - +0 leather armour
rPois    .         Reflect  .   k - +1 helmet {Int+3}
rElec    .         Harm     .   (no cloak)
rCorr    .         Rampage  .   (no gloves)
Will     .....                  (no boots)
Stlth    ++........             (no amulet)
HPRegen  0.09/turn              e - ring of see invisible
MPRegen  0.14/turn              (no ring)

@: no status effects
A: no striking features
a: no special abilities


You were on level 6 of the Dungeon.
You visited 1 branch of the dungeon, and saw 4 of its levels.

You collected 945 gold pieces.

Inventory:

Hand Weapons
 g - a +0 long sword (weapon)
Missiles
 a - 14 arrows
Armour
 k - a +1 helmet of intelligence (worn)
 l - a +0 leather armour (worn)
Jewellery
 e - a ring of see invisible (left hand)
Scrolls
 b - 3 scrolls of identify
 d - a scroll of holy word
 j - 2 scrolls of noise {unknown}
 m - a scroll of blinking {unknown}
Potions
 c - a potion of magic {unknown}
 f - a potion of degeneration {unknown}
 i - a potion of flight {unknown}
 n - a potion of brilliance {unknown}


   Skills:
 - Level 1.0 Fighting
 - Level 1.0 Armour
 - Level 3.0 Dodging
 + Level 2.4 Stealth
 * Level 6.0 Spellcasting
 + Level 2.5 Conjurations
 - Level 1.1 Summonings
 - Level 1.1 Translocations
 - Level 1.0 Fire Magic
 + Level 0.4 Air Magic


You had 5 spell levels left.
You knew the following spells:

 Your Spells              Type           Power      Damage    Failure   Level
a - Magic Dart            Conj           72%        1d6       4%          1
b - Mephitic Cloud        Conj/Pois/Air  11%        N/A       24%         3
c - Call Imp              Summ           12%        N/A       12%         2
d - Blink                 Tloc           N/A        N/A       12%         2
e - Conjure Flame         Conj/Fire      15%        6-21      19%         3

Your spell library contained the following spells:

 Spells                   Type           Power      Damage    Failure   Level
 Slow                     Hex            6%         N/A       19%         2


Dungeon Overview and Level Annotations

Branches:
Dungeon (3/15)

Altars:

Shops:
D:6 [

Portals:
Sewer: D:3


Message History

The gnoll hits you with a +0 spear.
The gnoll hits you from afar with a +0 spear.
The gnoll hits you from afar with a +0 spear!
* * * LOW HITPOINT WARNING * * *
There is an entrance to Xuinnesi's Antique Armour Shoppe here.
Casting: Magic Dart (safe; 4% risk of failure)
Confirm with . or Enter, or press ? or * to list all spells.
The spell is quite dangerous to cast (24% risk of failure)!
Continue anyway? [Y]es or [N]o only, please.
The spell is quite dangerous to cast (24% risk of failure)!
Continue anyway?
Aiming: Mephitic Cloud (quite dangerous; 24% risk of failure)
Press: ? - help, Shift-Dir - straight line, f - gnoll
Aim: a gnoll, wielding a +0 spear (chance to affect: 91%)
The ball explodes into a vile cloud!
The stinking cloud engulfs the gnoll but does no damage. x3
The gnoll is engulfed in noxious fumes.
The gnoll appears confused.
The gnoll is engulfed in noxious fumes.
The gnoll appears confused.
Unknown command.
The gnoll is engulfed in noxious fumes.
Found a stone staircase leading down.
A wight comes into view. It is wielding a +2 short sword.
The gnoll is engulfed in noxious fumes. 2 wights come into view.
A wight comes into view. It is wielding a +0 scimitar.
The wight moves out of view.
As you read the scroll labelled IRHOMO MEEMU, it crumbles to dust.
It is a scroll of identify.
d - a scroll of holy word The gnoll closely misses you.
This is a scroll of acquirement!
Something appears at your feet!
The gnoll hits you from afar with a +0 spear.
* * * LOW HITPOINT WARNING * * *
You now have 945 gold pieces (gained 833).
The gnoll closely misses you.
Casting: Mephitic Cloud (quite dangerous; 24% risk of failure)
Confirm with . or Enter, or press ? or * to list all spells.
You blink.
The wight hits you with a +2 short sword!
You die...

.## ... .. #
..... .z #..
...... .# ..
......####
.#.##.. ........#
##.z>....
.^......# #@z..#
#?.g..#####.z##.#
#.....♣..g§.##
#...♣.∩.♣####
#....g♣## #.....#
#.....# #.....#
#######


You could see 4 wights and a gnoll.

Vanquished Creatures
  Jessica (D:2)
  Robin (D:2)
  4 adders (D:2)
  A worm (D:2)
  3 dart slugs
  An orc (D:2)
  2 ball pythons (D:1)
  5 endoplasms
  A giant cockroach (D:2)
  9 hobgoblins
  3 jackals (D:1)
  4 kobolds
  2 quokkas (D:1)
  4 bats
  5 frilled lizards
  10 goblins
  2 rats (D:1)
58 creatures vanquished.

Notes
Turn   | Place    | Note
-------+----------+-------------------------------------------
     0 | D:1      | pokeman the Deep Elf Hedge Wizard began the quest for the
                  | Orb.
     0 | D:1      | Reached XP level 1. HP: 10/10 MP: 7/7
   336 | D:1      | Reached XP level 2. HP: 16/16 MP: 6/9
  1018 | D:1      | Reached skill level 5 in Spellcasting
  1191 | D:1      | Reached XP level 3. HP: 20/20 MP: 9/11
  1195 | D:1      | Learned a level 3 spell: Mephitic Cloud
  1198 | D:1      | Learned a level 2 spell: Call Imp
  1201 | D:1      | Learned a level 2 spell: Blink
  1205 | D:1      | Learned a level 3 spell: Conjure Flame
  1709 | D:2      | Reached skill level 1 in Fighting
  1709 | D:2      | Reached skill level 1 in Armour
  2101 | D:2      | Noticed Jessica
  2113 | D:2      | Killed Jessica
  2114 | D:2      | Reached XP level 4. HP: 25/25 MP: 0/13
  2213 | D:2      | Noticed Robin
  2236 | D:2      | Killed Robin
  2250 | D:2      | Reached skill level 1 in Fire Magic
  2598 | D:2      | Reached skill level 6 in Spellcasting
  2729 | D:2      | Reached XP level 5. HP: 29/29 MP: 10/15
  2933 | D:3      | Found a glowing drain.
  2999 | D:3      | Found a faded altar of an unknown god.
  3167 | D:3      | You fall into a shaft and drop 3 floors!
  3167 | D:6      | Found Xuinnesi's Antique Armour Shoppe.
  3178 | D:6      | Identified a scroll of acquirement
  3178 | D:6      | Acquired 833 gold pieces
  3180 | D:6      | Slain by a wight

Illustrated notes

Levels and vault maps discovered:
D:1:      sevenhm_arrival_forest_fort_large_4, layout_loops_ring
D:2:      layout_loops_ring, uniq_robin, uniq_jessica
D:3:      layout_loops_corners, portal_sewer_entry_c,
          shapermc_ecumenical_altar_mp_ritualfount, minivault_5
D:6:      layout_rooms, serial_shops, nicolae_shop_trees

Skill      XL: |  1  2  3  4 |
---------------+-------------+-----
Spellcasting   | 5 6 |  6.0
Fighting       | 1 |  1.0
Armour         | 1 |  1.0
Conjurations   | 2 |  2.5
Fire Magic     | 1 |  1.0
Dodging        | 3 |  3.0
Stealth        | |  2.4
Summonings     | |  1.1
Translocations | |  1.1
Air Magic      | |  0.4

Action                   |  1- 3 |  4- 6 || total
-------------------------+-------+-------++-------
Melee: Dagger            |     1 |       ||     1
       Long sword        |     5 |    24 ||    29
 Cast: Magic Dart        |   108 |    34 ||   142
       Mephitic Cloud    |       |     2 ||     2
       Blink             |       |     1 ||     1
  Use: Scroll            |       |     2 ||     2
 Stab: Sleeping          |     1 |       ||     1
Armor: Robe              |     2 |     6 ||     8
       Leather armour    |       |     2 ||     2
Dodge: Dodged            |    11 |    18 ||    29
       Rpst.: Long sword |     4 |     4 ||     8

Table legend: (Time is in decaauts)
 A = Elapsed time spent in this place.
 B = Non-inter-level travel time spent in this place.
 C = Inter-level travel time spent in this place.
 D = Time resting spent in this place.
 E = Time spent auto-exploring this place.
 F = Levels seen in this place.
 G = Mean time per level.
                   A        B        C        D        E       F      G
               +--------+--------+--------+--------+--------+-----+--------+
         Total |   3189 |   3074 |    115 |     42 |   2656 |   4 |  797.2 |
       Dungeon |   3189 |   3074 |    115 |     42 |   2656 |   4 |  797.2 |
               +--------+--------+--------+--------+--------+-----+--------+

Top non-repeatable levels by time:
     D:1: 1533 daAuts
     D:2: 1385 daAuts
     D:3: 257 daAuts
     D:6: 12 daAuts
